 Dungeon Crawl Stone Soup version 0.26-a0-800-g517d6fe721 (webtiles) character file.

Game seed: 13028805916622822171

97 jalala the Poker (level 4, -11/37 HPs)
             Began as a Merfolk Abyssal Knight on Nov 11, 2020.
             Was a Follower of Lugonu.
             Mangled by Crazy Yiuf
             ... wielding a +4 quarterstaff of chaos
              (12 damage)
             ... on level 2 of the Dungeon.
             The game lasted 00:02:04 (2243 turns).

jalala the Poker (Merfolk Abyssal Knight)           Turns: 2243, Time: 00:02:04

Health: -11/37     AC:  4    Str: 13    XL:     4   Next: 68%
Magic:  5/5        EV: 12    Int: 11    God:    Lugonu [*.....]
Gold:   125        SH:  0    Dex: 13    Spells: 3/3 levels left

rFire    . . .     SeeInvis .   a - +1 spear
rCold    . . .     Faith    .   (no shield)
rNeg     . . .     Spirit   .   b - +0 leather armour
rPois    .         Reflect  .   (no helmet)
rElec    .         Harm     .   (no cloak)
rCorr    .         Rampage  .   h - +0 pair of gloves
MR       .....                  (no boots)
Stlth    +.........             (no amulet)
HPRegen  0.12/turn              (no ring)
MPRegen  0.09/turn              (no ring)

@: lightly drained
A: change form in water, swift swim, stealthy swim
a: Depart the Abyss, Renounce Religion


You were on level 2 of the Dungeon.
You worshipped Lugonu.
Lugonu was aware of your devotion.
You visited 1 branch of the dungeon, and saw 2 of its levels.
You visited the Abyss 1 time.

You collected 125 gold pieces.

Inventory:

Hand Weapons
 a - a +1 spear (weapon)
Armour
 b - a +0 leather armour (worn)
 h - a +0 pair of gloves (worn)
Scrolls
 e - 2 scrolls of remove curse {unknown}
 g - a scroll of amnesia {unknown}
 j - a scroll of noise {unknown}
 k - a scroll of identify {unknown}
 l - a scroll of fog {unknown}
Potions
 c - a potion of haste {unknown}
 d - a potion of heal wounds {unknown}
 f - a potion of magic {unknown}
 i - a potion of mutation {unknown}


   Skills:
 - Level 3.7(3.5) Fighting
 + Level 6.5(6.2) Polearms
 - Level 0.6(0.4) Armour
 - Level 2.6(2.4) Dodging
 - Level 2.0(1.7) Invocations


You had 3 spell levels left.
You didn't know any spells.
Your spell library was empty.

Dungeon Overview and Level Annotations

Branches:
Dungeon (2/15)

Altars:

Annotations:
D:2 Crazy Yiuf


Message History

Crazy Yiuf hits you with a +4 quarterstaff of chaos!
You blink.
Crazy Yiuf cries, "You leg down broken song, no?"
There is an open translucent door here.
You hit Crazy Yiuf.
Crazy Yiuf is moderately wounded.
Crazy Yiuf misses you.
You closely miss Crazy Yiuf.
Crazy Yiuf is moderately wounded.
You closely miss Crazy Yiuf.
Crazy Yiuf is moderately wounded.
Crazy Yiuf barely misses you.
You hit Crazy Yiuf.
Crazy Yiuf is moderately wounded.
Crazy Yiuf hits you with a +4 quarterstaff of chaos!
* * * LOW HITPOINT WARNING * * *
You hit Crazy Yiuf.
Crazy Yiuf is moderately wounded.
Crazy Yiuf hits you with a +4 quarterstaff of chaos!
You die...

....##'###### #.##.#
....##.###############.##)#######
######....................#......
.....############################
.....#....# ## ..>..#.#### ##.
.....#.# ##### ♣♣#######..
.....#.# #)..#♣♣ ♣♣P#....'...
.....#.# #..g@.♣♣♣♣PP.....###.
.....#.#### #...#♣..♣.P....#.# #.
.....#'#..# #####♣♣♣.♣..#.##.# #.
..........# ♣♣♣♣♣####.# #.
##........# #...###. #........#
#####.#.'... #........#
#.#.#.####.. #........# #.#.#.#
###. #........# #.#.#.# #.##


You could see Crazy Yiuf.

Vanquished Creatures
  Jessica (D:2)
  2 adders (D:2)
  An ooze (D:2)
  3 dart slugs
  2 leopard geckos
  2 giant cockroaches (D:1)
  5 goblins
  6 hobgoblins
  4 quokkas (D:2)
  2 bats (D:2)
  4 frilled lizards
  3 kobolds (D:1)
  7 rats
42 creatures vanquished.

Notes
Turn   | Place    | Note
-------+----------+-------------------------------------------
     0 | Abyss:1  | jalala the Merfolk Abyssal Knight began the quest for the
                  | Orb.
     0 | Abyss:1  | Reached XP level 1. HP: 18/18 MP: 2/2
    61 | Abyss:1  | Noticed an apocalypse crab
    64 | Abyss:1  | Noticed a small abomination
    67 | D:1      | Escaped the Abyss
   213 | D:1      | Reached XP level 2. HP: 25/25 MP: 3/3
   244 | D:1      | Reached * piety under Lugonu
   628 | D:1      | Reached skill level 4 in Polearms
   909 | D:1      | Reached XP level 3. HP: 30/30 MP: 4/4
  1244 | D:2      | Noticed Jessica
  1253 | D:2      | Killed Jessica
  1253 | D:2      | Reached skill level 5 in Polearms
  1299 | D:2      | Reached XP level 4. HP: 37/37 MP: 5/5
  1648 | D:2      | Reached skill level 6 in Polearms
  2050 | D:2      | Found a runed translucent door.
  2051 | D:2      | Noticed Crazy Yiuf
  2242 | D:2      | HP: 1/37 [Crazy Yiuf/+4 quarterstaff of chaos (16)]
  2243 | D:2      | Mangled by Crazy Yiuf

Illustrated notes

Levels and vault maps discovered:
D:1:      minmay_arrival_loop, layout_basic
D:2:      layout_basic, kennysheep_cross_room, hangedman_decor_opposing,
          grunt_ministairs_15, uniq_crazy_yiuf_cottage, uniq_jessica

Skill      XL: |  1  2  3  4 |
---------------+-------------+-----
Polearms       | 4 5 6 |  6.5
Fighting       | |  3.7
Armour         | |  0.6
Dodging        | |  2.6
Invocations    | |  2.0

Action                   |  1- 3 |  4- 6 || total
-------------------------+-------+-------++-------
Melee: Spear             |    84 |    67 ||   151
Invok: Depart the Abyss  |     1 |       ||     1
Armor: Leather armour    |    10 |     5 ||    15
Dodge: Dodged            |    25 |    29 ||    54

Table legend: (Time is in decaauts)
 A = Elapsed time spent in this place.
 B = Non-inter-level travel time spent in this place.
 C = Inter-level travel time spent in this place.
 D = Time resting spent in this place.
 E = Time spent auto-exploring this place.
 F = Levels seen in this place.
 G = Mean time per level.
                   A        B        C        D        E       F      G
               +--------+--------+--------+--------+--------+-----+--------+
         Total |   2220 |   2191 |     29 |      0 |   1919 |   3 |  740.0 |
       Dungeon |   2153 |   2124 |     29 |      0 |   1859 |   2 | 1076.5 |
         Abyss |     67 |     67 |      0 |      0 |     60 |   1 |   67.0 |
               +--------+--------+--------+--------+--------+-----+--------+

Top non-repeatable levels by time:
     D:2: 1118 daAuts
     D:1: 1035 daAuts
 Abyss:1: 67 daAuts
